 Dungeon Crawl Stone Soup version 0.27.1-34-g3ba077fa99 (webtiles) character file.

Game seed: 152734634959760945

11 Descartes the Grasshopper (level 2, 0/22 HPs)
             Began as a Formicid Warper on Jan 17, 2022.
             Slain by a hobgoblin (4 damage)
             ... on level 1 of the Dungeon.
             The game lasted 00:00:40 (340 turns).

Descartes the Grasshopper (Formicid Warper)          Turns: 340, Time: 00:00:41

Health: 0/22       AC:  4    Str: 15    XL:     2   Next: 35%
Magic:  5/5        EV: 11    Int: 12    God:
Gold:   0          SH:  0    Dex: 10    Spells: 5/5 levels left

rFire    . . .     SeeInvis +   a - +0 mace
rCold    . . .     Faith    .   (no shield)
rNeg     . . .     Spirit   .   b - +0 leather armour
rPois    .         Reflect  .   (helmet unavailable)
rElec    .         Harm     .   (no cloak)
rCorr    .         Rampage  .   (no gloves)
Will     .....                  d - +0 pair of boots
Stlth    +.........             (no amulet)
HPRegen  0.07/turn              (no ring)
MPRegen  0.09/turn              (no ring)

@: no status effects
A: permanent stasis, dig shafts and tunnels, antennae 3, four strong arms
a: Dig, Shaft Self


You were on level 1 of the Dungeon.
You visited 1 branch of the dungeon, and saw 1 of its levels.

Inventory:

Hand Weapons
 a - a +0 mace (weapon)
Missiles
 c - 5 boomerangs of dispersal (quivered)
Armour
 b - a +0 leather armour (worn)
 d - a +0 pair of boots (worn)
Potions
 e - a potion of attraction {unknown}
 f - a potion of cancellation {unknown}
 g - 2 potions of haste {unknown}


   Skills:
 - Level 2.1 Fighting
 - Level 2.0 Maces & Flails
 - Level 1.0 Throwing
 + Level 1.9 Armour
 - Level 1.7 Dodging
 - Level 2.1 Spellcasting
 + Level 3.0 Translocations


You had 5 spell levels left.
You didn't know any spells.
Your spell library contained the following spells:

 Spells                   Type           Power      Damage    Failure   Level
 Gell's Gravitas          Tloc           4%         N/A       28%         3
 Lesser Beckoning         Tloc           4%         N/A       28%         3
 Teleport Other           Tloc           8%         N/A       28%         3
 Manifold Assault         Tloc           8%         N/A       95%         5
 Blink                    Tloc           Unusable   N/A       N/A         2

Dungeon Overview and Level Annotations

Branches:
Dungeon (1/15)

Altars:

Shops:
D:1 !


Innate Abilities, Weirdness & Mutations

You cannot be hasted, slowed, berserked, paralysed or teleported.
You can dig through walls and to a lower floor.
You have a pair of large antennae on your head. (SInv)
Your four strong arms can wield two-handed weapons with a shield.


Message History

A jackal comes into view.
The jackal moves out of view.
The hobgoblin misses you.
The jackal bites you but does no damage.
You hit the hobgoblin.
The hobgoblin is almost dead.
The hobgoblin closely misses you. The jackal closely misses you.
The jackal bites you. The hobgoblin hits you.
You closely miss the hobgoblin.
The hobgoblin is almost dead.
The jackal bites you but does no damage.
The jackal barely misses you. The jackal bites you.
The jackal closely misses you.
The jackal bites you but does no damage.
The hobgoblin hits you. The jackal barely misses you. x2
The jackal bites you but does no damage.
The frilled lizard bites you.
You closely miss the hobgoblin.
The hobgoblin is almost dead.
The jackal closely misses you. The jackal bites you.
The jackal barely misses you. x2; The hobgoblin misses you.
The jackal bites you but does no damage.
The frilled lizard hisses.
The frilled lizard closely misses you. The jackal bites you.
The jackal barely misses you. The jackal bites you.
* * * LOW HITPOINT WARNING * * *
You are too injured to fight recklessly!
You are too injured to fight recklessly!
You closely miss the hobgoblin.
The hobgoblin is almost dead.
The jackal closely misses you.
The jackal bites you but does no damage.
The hobgoblin hits you but does no damage.
The jackal bites you but does no damage.
The jackal bites you.
* * * LOW HITPOINT WARNING * * *
The frilled lizard closely misses you.
The jackal bites you but does no damage. x2
The hobgoblin hits you.
You die...

#### ....(# ......##
###### ........ ...!.
........#...#
.......#.#..#
.........#gh.#.#
........#l@h..#
.####........#hh.#..#
...#..........#.#...#
#.............#....#
##............####.#.# #
#.............# #...>.
#.#.#......††...##......
#....#..................
#.........†.†....##....
.


You could see 4 jackals, a hobgoblin and a frilled lizard.

Vanquished Creatures
  2 bats (D:1)
  3 endoplasms (D:1)
  A quokka (D:1)
  A ball python (D:1)
  A frilled lizard (D:1)
  2 rats (D:1)
10 creatures vanquished.

Notes
Turn   | Place    | Note
-------+----------+-------------------------------------------
     0 | D:1      | Descartes the Formicid Warper began the quest for the Orb.
     0 | D:1      | Reached XP level 1. HP: 16/16 MP: 3/3
   302 | D:1      | Found Matot's Distillery.
   306 | D:1      | Reached XP level 2. HP: 22/22 MP: 5/5
   308 | D:1      | Reached skill level 3 in Translocations
   340 | D:1      | Slain by a hobgoblin

Illustrated notes

Levels and vault maps discovered:
D:1:      dpeg_arrival_fog, layout_rooms, serial_shops, nicolae_diamond_shop

Skill      XL: |  1  2 |
---------------+-------+-----
Translocations | 3 |  3.0
Fighting       | |  2.1
Maces & Flails | |  2.0
Throwing       | |  1.0
Armour         | |  1.9
Dodging        | |  1.7
Spellcasting   | |  2.1

Action                   || total
-------------------------++-------
Melee: Mace              ||    23
Armor: Leather armour    ||    18
Dodge: Dodged            ||    26
